 Seeded DCSS version 0.30-a0-50-gb2d611f6b1 (webtiles) character file.

Game seed: 6705030474356799743 (custom seed)

6 scionoferis the Grasshopper (level 1, 0/19 HPs)
             Began as a Naga Warper on Sept 4, 2022.
             Succumbed to a kobold's poison
             ... on level 1 of the Dungeon.
             The game lasted 00:01:12 (202 turns).

scionoferis the Grasshopper (Naga Warper)            Turns: 202, Time: 00:01:12

Health: 0/19       AC:  1    Str: 13    XL:     1   Next: 90%
Magic:  3/3        EV:  9    Int: 13    God:
Gold:   8          SH:  0    Dex: 10    Spells: 4/4 levels left

rFire   . . .      SeeInvis +    a - +0 falchion
rCold   . . .      Faith    .    (no shield)
rNeg    . . .      Spirit   .    b - +0 leather armour
rPois   +          Reflect  .    (no helmet)
rElec   .          Harm     .    (no cloak)
rCorr   .          Rampage  .    (no gloves)
Will    .....                    (no barding)
Stlth   +.........               (no amulet)
HPRegen 0.06/turn                (no ring)
MPRegen 0.08/turn                (no ring)

@: lethally poisoned (0 -> -2), short of breath, very slow
A: AC +0, large, see invisible, deformed body, poison resistance, slowness 2,
spit poison 1, naga tail 1
a: Spit Poison


You were on level 1 of the Dungeon.
You visited 1 branch of the dungeon, and saw 1 of its levels.

You collected 8 gold pieces.

Inventory:

Hand Weapons
 a - a +0 falchion (weapon)
Missiles
 d - 7 boomerangs of dispersal (quivered)
Armour
 b - a +0 leather armour (worn)
Scrolls
 c - a scroll of blinking
 f - a scroll of immolation {unknown}
 g - a scroll of vulnerability {unknown}


   Skills:
 - Level 2.0 Fighting
 + Level 2.6 Long Blades
 - Level 0.8 Throwing
 - Level 0.7 Armour
 - Level 1.5 Dodging
 - Level 2.0 Spellcasting
 - Level 3.0 Translocations


You had 4 spell levels left.
You didn't know any spells.
Your spell library contained the following spells:

 Spells                   Type           Power      Damage    Failure   Level
 Blink                    Tloc           18%        N/A       14%         2
 Gell's Gravitas          Tloc           9%         N/A       28%         3
 Lesser Beckoning         Tloc           9%         N/A       28%         3
 Teleport Other           Tloc           9%         N/A       28%         3
 Manifold Assault         Tloc           9%         N/A       95%         5


Dungeon Overview and Level Annotations

Branches:
Dungeon (1/15)

Altars:


Innate Abilities, Weirdness & Mutations

Your serpentine skin is tough. (AC +0)
You have supernaturally acute eyesight. (SInv)
Armour fits poorly on your strangely shaped body.
Your system is resistant to poisons. (rPois)
You cover ground very slowly.
You can spit poison.
You have a snake-like lower body.


Message History

You kill the jackal!
You start resting.
A kobold comes into view.
It is wielding a +1 short sword of venom.
Aiming: Spit Poison (3% risk of failure)
Press: ? - help, Shift-Dir - straight line, f - kobold
Aim: a kobold, wielding a +1 short sword of venom and quivering stones (wandering, hasn't noticed you, 43% to hit)
The splash of poison hits the kobold.
The kobold is moderately wounded.
The kobold shouts!
The kobold throws a stone.
The stone hits you.
The kobold throws a stone.
The stone hits you.
You have got your breath back.
Aiming: Spit Poison (3% risk of failure)
Press: ? - help, Shift-Dir - straight line, f/p - kobold
Aim: a kobold, wielding a +1 short sword of venom and quivering stones (moderately wounded, 43% to hit)
The splash of poison misses the kobold.
The kobold hits you with a +1 short sword of venom.
You are lethally poisoned!
You hit the kobold.
You kill the kobold!
* * * LOW HITPOINT WARNING * * *
You feel sick.
There is a lethal amount of poison in your body!
You aren't carrying any potions.
* * * LOW HITPOINT WARNING * * *
You feel sick.
You aren't carrying any potions.
This is a scroll of acquirement!
Something appears before you!
* * * LOW HITPOINT WARNING * * *
You feel sick.
Blink to where?
Press: ? - help, Dir - move target, f - you
Okay, then.
Unknown command.
Something appears before you!
* * * LOW HITPOINT WARNING * * *
You feel sick.
Unknown command.
You die...

## #.............#........ ..
#.............##.....#
..#.#.............#.#..#.#
#.........<.........#...###..
#......)......#.#.........
#.............##.....###..
#.............#......#
##........)..##...#..#
##......@..###h..#..#
##.......## #...#..#
####§#######......#
#§≈§#.h.........#
..#≈#hh...........# ...
#..##......#.#.. ... .
##.##......# .# .. .##.###
##. .# .#


There were no monsters in sight!

Vanquished Creatures
  4 jackals (D:1)
  A kobold (D:1)
5 creatures vanquished.

Notes
Turn   | Place    | Note
-------+----------+-------------------------------------------
     0 | D:1      | scionoferis the Naga Warper began the quest for the Orb.
     0 | D:1      | Reached XP level 1. HP: 19/19 MP: 3/3
   200 | D:1      | Identified 2 scrolls of acquirement
   200 | D:1      | Acquired the +1 quick blade "Gedeblol" {elec, Str+7 Dex+3}
   201 | D:1      | Acquired the ring "Uwavaal" {rF+ Str+2 Dex+6}
   202 | D:1      | Succumbed to a kobold's poison

Illustrated notes

Levels and vault maps discovered:
D:1:      psy_arrival_dodecagon, layout_loops_cross, serial_shops,
          nicolae_shop_crystal

Action                   || total
-------------------------++-------
Melee: Falchion          ||    13
 Abil: Spit Poison       ||     3
  Use: Scroll            ||     2
Armor: Leather armour    ||     2
Dodge: Dodged            ||    11

Table legend: (Time is in decaauts)
 A = Elapsed time spent in this place.
 B = Non-inter-level travel time spent in this place.
 C = Inter-level travel time spent in this place.
 D = Time resting spent in this place.
 E = Time spent auto-exploring this place.
 F = Levels seen in this place.
 G = Mean time per level.
                   A        B        C        D        E       F      G
               +--------+--------+--------+--------+--------+-----+--------+
         Total |    221 |    221 |      0 |    133 |      5 |   1 |  221.0 |
       Dungeon |    221 |    221 |      0 |    133 |      5 |   1 |  221.0 |
               +--------+--------+--------+--------+--------+-----+--------+

Top non-repeatable levels by time:
     D:1: 221 daAuts
